 Dungeon Crawl Stone Soup version 0.25.1-2-g60ff931df9 (webtiles) character file.

Game seed: 15427625700766033984

160 lepoulpe303 the Purveyor of Pain (level 5, -4/35 HPs)
             Began as a Demonspawn Necromancer on Sept 27, 2020.
             Was an Initiate of Kikubaaqudgha.
             Slain by an orc warrior
             ... wielding a +0 glaive
              (16 damage)
             ... on level 3 of the Dungeon.
             The game lasted 00:17:59 (3454 turns).

lepoulpe303 the Purveyor of Pain (DsNe)             Turns: 3454, Time: 00:18:00

Health: -4/35      AC:  9    Str:  8    XL:     5   Next: 17%
Magic:  2/9        EV: 13    Int: 18    God:    Kikubaaqudgha [......]
Gold:   89         SH:  0    Dex: 13    Spells: 5/10 levels left

rFire    . . .     SeeInvis .   a - +2 short sword (flame)
rCold    + . .     Gourm    .   (no shield)
rNeg     . . .     Faith    .   f - +0 robe
rPois    .         Spirit   .   (no helmet)
rElec    .         Reflect  .   m - +0 cloak
rCorr    .         Harm     .   (no gloves)
MR       .....                  (no boots)
Stlth    ++........             (no amulet)
HPRegen  0.11/turn              (no ring)
MPRegen  0.11/turn              (no ring)

@: sanguine armour
A: claws 1, cold resistance 1, sanguine armour 1
a: Renounce Religion


You were on level 3 of the Dungeon.
You worshipped Kikubaaqudgha.
Kikubaaqudgha was noncommittal.
You were not hungry.

You visited 1 branch of the dungeon, and saw 3 of its levels.

You collected 89 gold pieces.

Inventory:

Hand Weapons
 a - a +2 short sword of flaming (weapon)
 b - a +4 dagger
 g - a +0 dagger
Armour
 f - a +0 robe (worn)
 m - a +0 cloak (worn)
Scrolls
 h - a scroll of identify {unknown}
 i - a scroll of noise {unknown}
 k - a scroll of amnesia {unknown}
Potions
 c - a potion of lignification {unknown}
 d - a potion of might {unknown}
 l - a potion of heal wounds {unknown}
Comestibles
 e - a ration
 j - 3 chunks of flesh


   Skills:
 + Level 2.6 Dodging
 + Level 2.6 Stealth
 * Level 3.2 Spellcasting
 * Level 5.4 Necromancy


You had 5 spell levels left.
You knew the following spells:

 Your Spells              Type           Power        Failure   Level  Hunger
a - Pain                  Necr           ###.         1%          1    None
x - Vampiric Draining     Necr           ###.......   4%          3    ###....
A - Animate Skeleton      Necr           N/A          1%          1    None

Your spell library contained the following spells:

 Spells                   Type           Power        Failure   Level  Hunger
 Animate Dead             Necr           N/A          17%         4    ####...
 Agony                    Necr           ###.....     43%         5    ######.


Dungeon Overview and Level Annotations

Branches:
Dungeon (3/15)

Altars:
Kikubaaqudgha
Xom

Annotations:
D:3 Grinder


Innate Abilities, Weirdness & Mutations

You have sharp fingernails.
Your flesh is cold resistant. (rC+)
When seriously injured, your bleeding wounds create armour. (AC +6)


Message History

The stone barely misses you.
You take 1 damage, and have 15/35 hp.
You now have 6/9 mp.
Aim: an orc warrior, wielding a +0 glaive, wearing a +0 chain mail and quivering 17 stones (heavily wounded, chance to defeat MR: 81%)
The orc warrior writhes in agony!
The orc warrior throws a stone.
The stone hits you but does no damage.
An orc wizard comes into view. It is wielding a +0 dagger.
You take 1 damage, and have 14/35 hp.
You now have 5/9 mp.
Aim: an orc warrior, wielding a +0 glaive, wearing a +0 chain mail and quivering 16 stones (severely wounded, chance to defeat MR: 81%)
The orc warrior writhes in agony.
You now have 4/9 mp.
Aim: an orc warrior, wielding a +0 glaive, wearing a +0 chain mail and quivering 16 stones (severely wounded, chance to defeat MR: 81%)
The orc warrior writhes in agony.
The orc warrior misses you.
The orc wizard looks encouraged for a moment.
You take 1 damage, and have 13/35 hp.
You now have 3/9 mp.
Aim: an orc warrior, wielding a +0 glaive, wearing a +0 chain mail and quivering 16 stones (almost dead, chance to defeat MR: 81%)
The orc warrior writhes in agony.
* * * LOW MAGIC WARNING * * *
The orc warrior hits you from afar with a +0 glaive!
You die...
Kikubaaqudgha rasps: "You have failed me!
Welcome... death!"

###.._..# #...#.#.#######
#.............# #.............#
#....)........# .♣♣♣♣♣#
#.............# ......#
########.............#
......######.(..................#
..............((@o..............(
...#########..)...o.............#
).. ............o...o.........#
g. ####.#(...................# ..
#.###########...####.### . #
#...........# . #...........##
#............# #.............


You could see an orc warrior, an orc wizard and 2 orcs.

Levels and vault maps discovered:
D:1:      ebering_trefoil_3fold, layout_basic, minivault_24
D:2:      layout_basic, xom_redecorated
D:3:      layout_basic, lemuel_crystal_altar, fedhas_altar_fruit_tree,
          uniq_terence, uniq_grinder

Notes
Turn   | Place    | Note
-------+----------+-------------------------------------------
     0 | D:1      | lepoulpe303 the Demonspawn Necromancer began the quest for
                  | the Orb.
     0 | D:1      | Reached XP level 1. HP: 13/13 MP: 3/3
     0 | D:1      | lepoulpe303: !whichgod dsne
     0 | D:1      | meem: 31 recent wins for dsne: 19x Kikubaaqudgha, 4x
                  | Hepliaklqana, 3x Nemelex Xobeh, 2x Fedhas, Ru, Wu Jian, Sif
                  | Muna
   147 | D:1      | Identified a +0 dagger
   209 | D:1      | Identified a +0 club
   226 | D:1      | Learned a level 1 spell: Animate Skeleton
   238 | D:1      | Identified a +0 club
   246 | D:1      | Gained mutation: Your flesh is cold resistant. (rC+)
                  | [demonic ancestry]
   246 | D:1      | Reached XP level 2. HP: 18/19 MP: 1/5
   281 | D:1      | Identified a +0 club
   300 | D:1      | Identified a scroll of immolation
   374 | D:1      | Reached skill level 2 in Dodging
   389 | D:1      | Reached skill level 2 in Stealth
   554 | D:1      | Identified a +0 club
   557 | D:1      | Identified a +0 club
   558 | D:1      | Identified a +0 club
   559 | D:1      | Identified a +0 club
   580 | D:1      | HP: 4/19 [goblin/+0 club (4)]
   600 | D:1      | HP: 4/19 [kobold/+0 club (1)]
  1025 | D:1      | Identified a +0 dagger
  1140 | D:1      | Identified a scroll of magic mapping
  1162 | D:2      | Reached XP level 3. HP: 19/24 MP: 6/6
  1167 | D:2      | Learned a level 3 spell: Vampiric Draining
  1176 | D:2      | Identified a +0 dagger
  1224 | D:2      | Identified a +0 club
  1331 | D:2      | HP: 3/24 [dart slug/slug dart (5)]
  1607 | D:2      | Identified a +0 club
  1607 | D:2      | Identified a +0 hunting sling
  1752 | D:2      | HP: 5/24 [kobold (3)]
  2197 | D:2      | Found a shimmering altar of Xom.
  2198 | D:2      | Found a shimmering altar of Xom.
  2201 | D:2      | Found a shimmering altar of Xom.
  2201 | D:2      | Found a shimmering altar of Xom.
  2244 | D:2      | Identified a +2 short sword of flaming (You found it on
                  | level 1 of the Dungeon)
  2253 | D:2      | Identified a +0 short sword
  2256 | D:2      | Reached skill level 5 in Necromancy
  2365 | D:2      | HP: 3/24 [crimson imp (4)]
  2366 | D:2      | HP: 1/24 [crimson imp (2)]
  2663 | D:2      | Identified a +0 trident
  2663 | D:2      | Identified a +0 leather armour
  2680 | D:2      | Gained mutation: When seriously injured, your bleeding
                  | wounds create armour. (AC +6) [demonic ancestry]
  2680 | D:2      | Reached XP level 4. HP: 28/30 MP: 4/8
  2683 | D:2      | Identified a +4 dagger
  2683 | D:2      | Identified a +0 chain mail
  2856 | D:2      | Identified a cursed -2 short sword
  3032 | D:3      | Identified a +0 dagger
  3032 | D:3      | Identified a +0 robe
  3032 | D:3      | Identified a +0 hand axe
  3032 | D:3      | Identified a +0 chain mail
  3050 | D:3      | Identified a +0 dagger
  3050 | D:3      | Identified a +0 robe
  3053 | D:3      | Reached skill level 3 in Spellcasting
  3061 | D:3      | HP: 7/30 [orc wizard/puff of frost (2)]
  3068 | D:3      | HP: 2/30 [orc wizard/magic dart (2)]
  3081 | D:3      | HP: 1/30 [something/puff of frost (2)]
  3085 | D:3      | Gained mutation: You have sharp fingernails. [demonic
                  | ancestry]
  3085 | D:3      | Reached XP level 5. HP: 1/35 MP: 0/9
  3318 | D:3      | Identified a +0 cloak (You found it on level 3 of the
                  | Dungeon)
  3324 | D:3      | Found an ancient bone altar of Kikubaaqudgha.
  3349 | D:3      | Became a worshipper of Kikubaaqudgha
  3374 | D:3      | Noticed Grinder
  3444 | D:3      | Identified a +0 glaive
  3444 | D:3      | Identified a +0 chain mail
  3444 | D:3      | Noticed an orc warrior
  3447 | D:3      | Identified a +2 mace of holy wrath
  3447 | D:3      | Identified a +0 ring mail
  3449 | D:3      | Identified a +0 hand axe
  3451 | D:3      | Identified a +0 dagger
  3451 | D:3      | Identified a +0 robe
  3454 | D:3      | Slain by an orc warrior

Table legend:
 A = Turns spent in this place as a percentage of turns spent in the entire game.
 B = Non-inter-level travel turns spent in this place as a percentage of non-inter-level travel turns spent in the entire game.
 C = Inter-level travel turns spent in this place as a percentage of turns spent in this place.
 D = Turns resting spent in this place as a percentage of non-inter-level travel turns spent in this place.
 E = Turns spent auto-exploring this place as a percentage of non-inter-level travel turns spent in this place.
 F = Non-inter-level travel turns spent in this place divided by the number of levels of this place that you've seen.
                   A       B       C       D       E      F
               +-------+-------+-------+-------+-------+----------------------
         Total | 100.0 | 100.0 |   1.8 |  45.0 |  27.9 | 1130.3
       Dungeon | 100.0 | 100.0 |   1.8 |  45.0 |  27.9 | 1130.3
               +-------+-------+-------+-------+-------+----------------------

Table legend:
 A = Kills in this place as a percentage of kills in entire the game.
 B = Kills by you in this place as a percentage of kills by you in the entire game.
 C = Kills by friends in this place as a percentage of kills by friends in the entire game.
 D = Other kills in this place as a percentage of other kills in the entire game.
 E = Experience gained in this place as a percentage of experience gained in the entire game.
 F = Experience gained in this place divided by the number of levels of this place that you have seen.
                   A       B       C       D       E      F
               +-------+-------+-------+-------+-------+----------------------
         Total | 100.0 | 100.0 | 100.0 |   N/A | 100.0 |  76.3
       Dungeon | 100.0 | 100.0 | 100.0 |   N/A | 100.0 |  76.3
               +-------+-------+-------+-------+-------+----------------------

Skill      XL: |  1  2  3  4 |
---------------+-------------+-----
Dodging        | 2 |  2.6
Stealth        | 2 |  2.6
Necromancy     | 5 |  5.4
Spellcasting   | 3 |  3.2

Action                   |  1- 3 |  4- 6 || total
-------------------------+-------+-------++-------
Melee: Dagger            |   108 |       ||   108
       Unarmed           |     1 |       ||     1
       Short sword       |    50 |    47 ||    97
 Cast: Pain              |    44 |    30 ||    74
       Animate Skeleton  |     7 |     1 ||     8
  Use: Scroll            |     2 |       ||     2
 Stab: Sleeping          |     3 |     1 ||     4
  Eat: Chunk             |     5 |       ||     5
       Ration            |     1 |       ||     1
Armor: Robe              |    30 |    11 ||    41
Dodge: Dodged            |   102 |    41 ||   143

Vanquished Creatures
  An orc priest (D:2)
  2 orc wizards (D:3)
  An adder (D:3)
  An ooze (D:3)
  2 worms (D:2)
  4 orcs
  A ball python (D:3)
  2 giant cockroaches
  8 goblins
  5 hobgoblins
  2 jackals (D:1)
  6 kobolds
  2 quokkas
  2 bats (D:1)
  3 frilled lizards (D:1)
  4 rats
46 creatures vanquished.

Vanquished Creatures (collateral kills)
  2 dart slugs (D:2)
  2 bats (D:2)
  A giant cockroach (D:1)
  2 hobgoblins (D:1)
  A quokka (D:2)
  A kobold (D:2)
9 creatures vanquished.

Grand Total: 55 creatures vanquished
